 Dungeon Crawl Stone Soup version 0.21-a0-404-g291f19a (webtiles) character file.

315825 Laiders the Warrior (level 20, -11/208 HPs)
             Began as a Deep Dwarf Fighter on Oct 30, 2017.
             Was the Champion of Makhleb.
             Mangled by a deep troll (12 damage)
             ... on level 2 of the Depths on Oct 31, 2017.
             The game lasted 03:32:42 (36562 turns).

Laiders the Warrior (Deep Dwarf Fighter)           Turns: 36562, Time: 03:32:42

Health: -11/208    AC: 33    Str: 31      XL:     20   Next: 52%
Magic:  8/8        EV: 14    Int: 15 (16) God:    Makhleb [******]
Gold:   2323       SH: 32    Dex: 21      Spells: 19/19 levels left

rFire    + . .     SeeInvis .   F - +4 demon whip (elec)
rCold    + . .     Gourm    .   p - +1 large shield
rNeg     + + .     Faith    .   a - +2 plate armour {MR+}
rPois    .         Spirit   .   (helmet restricted)
rElec    .         Reflect  +   v - +2 cloak
rCorr    .         Harm     .   C - +2 pair of gloves of Becoum {+Fly Dex+7}
MR       +++++     Rnd*Rage +   P - +0 pair of boots of a Thousand Allies {+Blink rN+ Int+6 Stlth-}
Stlth    ..........             N - +4 amulet of reflection
HPRegen  0.00/turn              J - +4 ring of protection
MPRegen  0.11/turn              O - ring of protection from cold

@: mighty, very slightly contaminated, non-regenerating
A: damage resistance, heal wounds, antennae 1, large bone plates 1, berserk 1,
fire resistance 1, magic resistance 1, negative energy resistance 1, sense
surroundings 3, evolution 1, no regeneration
}: 2/15 runes: decaying, serpentine
a: Heal Wounds, Minor Destruction, Lesser Servant of Makhleb, Major Destruction,
Greater Servant of Makhleb, Renounce Religion, Evoke Blink, Evoke Flight


You were on level 2 of the Depths.
You worshipped Makhleb.
Makhleb was exalted by your worship.
You were not hungry.

You visited 8 branches of the dungeon, and saw 37 of its levels.
You also visited: Bailey and Ice Cave.

You collected 4415 gold pieces.
You spent 2092 gold pieces at shops.

Inventory:

Hand Weapons
 F - a +4 demon whip of electrocution (weapon)
Missiles
 Y - 43 tomahawks (quivered)
Armour
 a - a +2 plate armour of magic resistance (worn)
 p - a +1 large shield (worn)
 v - a +2 cloak (worn)
 C - the +2 pair of gloves of Becoum (worn) {+Fly Dex+7}
   (You found it on level 6 of the Lair of Beasts)

   It affects your dexterity (+7).
   It lets you fly.
 P - the +0 pair of boots of a Thousand Allies (worn) {+Blink rN+ Int+6 Stlth-}
   (You found it on level 2 of the Elven Halls)

   It affects your intelligence (+6).
   It protects you from negative energy.
   It lets you blink.
   It makes you less stealthy.
Jewellery
 r - an uncursed ring of see invisible
 E - an uncursed ring of poison resistance
 J - a +4 ring of protection (left hand)
 N - a +4 amulet of reflection (around neck)
 O - a ring of protection from cold (right hand)
 U - an uncursed ring of protection from magic
 X - an uncursed ring of resist corrosion
Wands
 c - a wand of digging (6/24)
 j - a wand of lightning (4/15)
 o - a wand of polymorph (14/24)
 w - a wand of confusion (35/48)
 G - a wand of polymorph (14/24)
 I - a wand of disintegration (13/24)
 L - a wand of acid (6/15)
 M - a wand of iceblast (5/15)
 T - a wand of clouds (6/9)
Scrolls
 n - 14 scrolls of identify
 t - a scroll of holy word
 A - 18 scrolls of teleportation
 D - 3 scrolls of blinking
 H - 4 scrolls of fear
 K - 9 scrolls of magic mapping
 R - 11 scrolls of remove curse
 S - 3 scrolls of fog
 V - 7 scrolls of recharging
 W - 2 scrolls of amnesia
Potions
 b - 9 potions of flight
 d - 4 potions of might
 e - 7 potions of agility
 i - 15 potions of curing
 k - a potion of mutation
 l - a potion of invisibility
 m - 3 potions of resistance
 s - 8 potions of heal wounds
 u - 8 potions of lignification
 z - 3 potions of berserk rage
 B - 2 potions of haste
 Z - a potion of cancellation
Comestibles
 f - 10 bread rations
 g - 11 royal jellies
 h - 14 fruits
 q - 20 meat rations
 x - 5 chunks of flesh


   Skills:
 + Level 19.3 Fighting
 - Level 14.3 Maces & Flails
 + Level 18.2 Armour
 - Level 10.0 Dodging
 + Level 15.8 Shields
 - Level 15.0 Invocations
 - Level 10.0 Evocations


You had 19 spell levels left.
You didn't know any spells.

Dungeon Overview and Level Annotations

Branches:
Dungeon (15/15)            Temple (1/1) D:5            Lair (6/6) D:9
  Swamp (4/4) Lair:4        Snake (4/4) Lair:4        Slime (0/5) Lair:5
    Orc (2/2) D:9             Elf (3/3) Orc:2        Vaults (0/5) D:13
 Depths (2/5) D:15

Altars:
Ashenzari
Cheibriados
Dithmenos
Elyvilon
Fedhas
Gozag
Hepliaklqana
Kikubaaqudgha
Makhleb
Nemelex Xobeh
Okawaru
Qazlal
Ru
Sif Muna
Trog
Uskayaw
Vehumet
Wu Jian
Xom
Yredelemnul
Zin
The Shining One
Beogh

Shops:
D:4 *   D:13 %   Orc:2 (=!*   Elf:2 ?   Snake:1 =   Depths:1 }

Portals:
Hell: Depths:1
Pandemonium: Depths:1
Trove: Depths:1 (give 4 potions of resistance)

Annotations:
Orc:1 1 exclusion


Innate Abilities, Weirdness & Mutations

You are resistant to damage.
You can heal yourself by infusing magical energy.
You resist negative energy. (rN+)
You passively map a large area around you.
You do not regenerate.
You have a pair of small antennae on your head.
You are partially covered in large bone plates. (SH +4)
You tend to lose your temper in combat.
Your flesh is heat resistant. (rF+)
You are resistant to hostile enchantments. (MR+)
You evolve.


Message History

As you read the scroll of blinking, it crumbles to dust.
A very large slime creature splits.
Okay, then.
Okay, then.
You feel much better.
The deep troll earth mage is no longer moving quickly.
The deep troll is no longer moving quickly.
You feel very mighty all of a sudden.
You block the deep troll's attack. x3; The deep troll bites you!
* * * LOW HITPOINT WARNING * * *
The deep troll claws you!
* * * LOW HITPOINT WARNING * * *
You block the deep troll's attack.
The deep troll earth mage casts a spell next to you.
Some rock shatters into small pieces.
You block the deep troll's attack. x2; The deep troll claws you!!
* * * LOW HITPOINT WARNING * * *
The deep troll completely misses you. You block the deep troll's attack.
The deep troll claws you!
You die...

,*
#...G....#*
##.......#
, , ##
#T.......#*
*, + #.#
##.....#.#
* #.#
##......#*
,, #.#
##.....# ,
#.###.(...#
* ,** *
*#.#T...#.#
* ***
#@TT††..# ≈
##TRDJ..# ,
#..T)...#*
, ,
##..JT.J.#
#....T<[†#
≈,
#........#*
, ,
##########
, * * ** ≈
,


You could see an ice dragon, a rakshasa, a large slime creature, 2 slime
creatures, 5 deep trolls and 2 deep troll earth magi.

Vanquished Creatures
  Mara (Depths:1)
  Bai Suzhen (Elf:3)
  Rupert (D:13)
  2 deep elf blademasters
  Frances (D:14)
  Agnes (D:14)
  Kirke (D:14)
  3 thorn hunters
  2 frost giants
  A fire giant (D:12)
  13 nagarajas
  11 deep elf sorcerers
  Aizul (Snake:4)
  An orc warlord (Elf:3)
  Louise (D:15)
  5 deep elf elementalists
  2 stone giants
  3 very ugly things (Depths:2)
  7 deep elf annihilators (Elf:3)
  5 deep elf demonologists
  3 ettins
  2 dire elephants
  2 spark wasps (Depths:1)
  3 deep elf death magi (Elf:3)
  3 fire dragons
  Josephine (Lair:6)
  4 deep elf high priests (Elf:3)
  The ghost of tof the Cleaver, a journeyman MiBe of Trog (IceCv)
  A yaktaur captain (D:14)
  A great orb of eyes (Depths:1)
  3 ice dragons (Depths:1)
  4 vault guards (D:13)
  A catoblepas (Lair:6)
  A centaur warrior (D:10)
  23 hydras
  19 anacondas
  7 naga warriors
  2 deep troll shamans (Depths:2)
  2 alligators
  14 two-headed ogres
  3 tengu warriors (D:15)
  2 ogre magi
  24 dancing weapons
  6 deep troll earth magi
  3 shock serpents
  8 orc high priests
  6 naga sharpshooters (Snake:4)
  21 deep elf knights
  2 small abominations (Elf:3)
  2 salamander mystics (Snake:2)
  2 unseen horrors (D:15)
  3 deep trolls (Depths:2)
  2 flayed ghosts
  A death drake (shapeshifter) (Elf:1)
  6 naga ritualists
  3 sea snakes (Snake:4)
  2 spriggan druids
  8 swamp dragons
  A glowing orange brain (Depths:1)
  2 shambling mangroves (Swamp:4)
  A wizard (Depths:1)
  12 mana vipers
  20 ugly things
  11 orc knights
  5 deep elf archers
  An oklob plant (Lair:5)
  54 deep elf magi
  A wolf spider (Elf:2)
  3 centaur zombies
  A manticore (D:13)
  2 orc sorcerers
  6 salamanders
  3 cyclopes
  Joseph (D:8)
  38 black mambas
  Maurice (D:11)
  8 elephants
  An elephant (shapeshifter) (Elf:2)
  11 guardian serpents (Snake:4)
  2 ice statues (IceCv)
  A torpor snail (Lair:4)
  2 centaur skeletons
  18 naga magi
  18 spiny frogs
  A freezing wraith (D:12)
  4 yaktaurs (Depths:1)
  2 efreet (D:14)
  10 komodo dragons
  2 kobold demonologists
  9 rime drakes
  A tengu conjurer (D:15)
  A queen bee (shapeshifter) (D:14)
  2 polar bears
  6 meliai
  10 trolls
  6 tyrant leeches
  16 hippogriffs
  Prince Ribbit (Lair:1)
  17 blink frogs
  9 dream sheep
  A wind drake (shapeshifter) (D:13)
  30 slime creatures
  A hippogriff (shapeshifter) (D:14)
  5 hornets
  5 bog bodies
  A meliai zombie (D:15)
  5 spriggans
  6 air elementals
  3 shadows
  A water elemental (Elf:2)
  7 wyverns
  5 wraiths
  A hog (Elf:2)
  26 yaks
  A fire elemental (Elf:1)
  30 vampire mosquitoes
  5 basilisks
  5 hungry ghosts
  Menkaure (D:7)
  4 wargs
  19 insubstantial wisps
  57 nagas
  A soldier ant (D:15)
  2 acid dragons
  10 swamp worms
  21 water moccasins
  10 porcupines
  15 swamp drakes
  A hornet zombie (D:15)
  4 sky beasts
  5 ice beasts
  A black bear (Lair:3)
  29 orc warriors
  An eye of draining (D:15)
  A phantom (D:10)
  A necrophage (D:7)
  19 ogres
  5 wolves (Lair:6)
  10 centaurs
  A boggart (D:12)
  A big kobold (D:10)
  21 crocodiles
  14 bullfrogs
  A wyvern zombie (D:8)
  An earth elemental (Elf:1)
  2 scorpions
  55 killer bees
  A wight (D:14)
  2 electric eels (Lair:6)
  4 howler monkeys
  9 crimson imps
  A vampire bat (Elf:2)
  6 lava snakes
  A quasit (D:8)
  Crazy Yiuf (D:2)
  3 bullfrog zombies
  8 hounds
  18 orc wizards
  A bullfrog skeleton (D:11)
  A gnoll shaman (D:5)
  3 jellies
  22 orc priests
  6 iguanas
  Ijyb (D:3)
  10 worker ants
  A hound zombie (D:10)
  2 hound skeletons
  Robin (D:2)
  2 worker ant zombies
  3 gnolls (D:5)
  19 adders
  6 shadow imps
  12 white imps (Lair:3)
  An adder skeleton (D:9)
  A worm (D:3)
  2 dart slugs
  8 leopard geckos
  81 orcs
  5 ball pythons
  10 bats
  2 giant cockroaches
  16 goblins
  7 hobgoblins
  11 jackals
  4 quokkas
  4 frilled lizards
  12 kobolds
  5 rats
  2 bushes
  A crawling corpse (Elf:3)
  A plant (Lair:6)
1353 creatures vanquished.

Vanquished Creatures (collateral kills)
  A deep elf blademaster (Elf:3)
  Gastronok (Orc:1)
  A deep elf sorcerer (Elf:3)
  A deep elf elementalist (Elf:3)
  A deep elf demonologist (Elf:3)
  2 deep elf death magi (Elf:3)
  Fannar (Orc:1)
  A naga warrior (Snake:4)
  A merfolk avatar (Lair:6)
  A centaur warrior (D:12)
  A deep troll shaman (Depths:2)
  Nergalle (Orc:1)
  An iron troll (Depths:2)
  A wizard (Depths:1)
  A naga ritualist (Snake:4)
  A deep elf mage (Elf:1)
  3 mana vipers (Snake:4)
  2 orc sorcerers (Orc:2)
  An oklob plant (Lair:6)
  An orc knight (Orc:2)
  2 salamanders (Snake:2)
  An ugly thing (IceCv)
  A cyclops (Orc:1)
  2 guardian serpents (Snake:4)
  3 black mambas (Snake:4)
  A troll (Orc:1)
  A naga (Snake:2)
  5 orc warriors
  2 ice beasts (IceCv)
  2 ogres
  A gnoll sergeant (D:12)
  3 orc priests (Orc:2)
  An orc wizard (Orc:1)
  9 orcs
  2 bushes (Lair:6)
  2 plants (Lair:6)
62 creatures vanquished.

Vanquished Creatures (others)
  Nikola (Depths:1)
  A deep elf master archer (Elf:3)
  A nagaraja (Snake:4)
  A centaur warrior (D:15)
  A tengu warrior (D:15)
  3 naga sharpshooters (Snake:4)
  A deep elf knight (Elf:3)
  An ugly thing (IceCv)
  3 deep elf magi
  A cyclops (D:13)
  An orc wizard (Orc:2)
  An adder (D:12)
  An orc (D:12)
  10 kobolds (Bailey)
  8 fungi
  6 plants
41 creatures vanquished.

Grand Total: 1456 creatures vanquished

Notes
Turn   | Place    | Note
-------+----------+-------------------------------------------
     0 | D:1      | Laiders the Deep Dwarf Fighter began the quest for the Orb.
     0 | D:1      | Reached XP level 1. HP: 20/20 MP: 1/1
   249 | D:1      | Reached XP level 2. HP: 27/27 MP: 2/2
   789 | D:2      | Reached XP level 3. HP: 33/33 MP: 3/3
   842 | D:2      | Found a hazy altar of Hepliaklqana.
   943 | D:2      | Noticed Robin
   950 | D:2      | Killed Robin
  1066 | D:2      | Found a sparkling altar of Nemelex Xobeh.
  1073 | D:2      | Found a deep blue altar of Sif Muna.
  1182 | D:2      | Reached XP level 4. HP: 37/40 MP: 4/4
  1217 | D:2      | Found a runed door.
  1737 | D:2      | Noticed Crazy Yiuf
  1744 | D:2      | Killed Crazy Yiuf
  1837 | D:3      | Noticed Ijyb
  1843 | D:3      | Killed Ijyb
  1843 | D:3      | Reached skill level 5 in Maces & Flails
  1852 | D:3      | Reached XP level 5. HP: 28/46 MP: 5/5
  2092 | D:3      | Found a glowing golden altar of the Shining One.
  2093 | D:3      | Found a white marble altar of Elyvilon.
  2095 | D:3      | Found a glowing silver altar of Zin.
  2505 | D:4      | HP: 2/46 [orc priest/divine providence (11)]
  2651 | D:4      | Noticed an ogre
  2664 | D:4      | Killed an ogre
  2664 | D:4      | Reached XP level 6. HP: 38/55 MP: 5/5
  2823 | D:4      | Found a bloodstained altar of Trog.
  2931 | D:4      | Found an ancient bone altar of Kikubaaqudgha.
  2931 | D:4      | Found a blossoming altar of Fedhas.
  3045 | D:4      | Found Ogheyw's Assorted Antiques.
  3068 | D:4      | Got a translucent dagger
  3069 | D:4      | Identified the cursed +0 dagger "Dyagil" {protect, rC+} (You found it on level 4 of the Dungeon)
  3275 | D:5      | Entered Level 5 of the Dungeon
  3455 | D:5      | Reached XP level 7. HP: 47/61 MP: 6/6
  3590 | D:5      | Got a warped war axe
  3591 | D:5      | Identified the cursed +1 war axe of Butchery {venom, rF++} (You found it on level 5 of the Dungeon)
  3793 | D:5      | Found a staircase to the Ecumenical Temple.
  3808 | Temple   | Entered the Ecumenical Temple
  3956 | D:5      | You fall through a shaft!
  4014 | D:6      | Found a transporter.
  4020 | D:6      | Noticed a kobold demonologist
  4029 | D:6      | Found a radiant altar of Vehumet.
  4029 | D:6      | Found a burning altar of Makhleb.
  4050 | D:6      | Became a worshipper of Makhleb the Destroyer
  4079 | D:6      | Found a transporter.
  4477 | D:6      | Reached XP level 8. HP: 60/68 MP: 7/7
  4564 | D:6      | Killed a kobold demonologist
  4564 | D:6      | Reached skill level 10 in Maces & Flails
  4680 | D:7      | Reached * piety under Makhleb
  4963 | D:7      | Noticed a hippogriff
  4974 | D:7      | Killed a hippogriff
  5078 | D:7      | Paralysed by fainting for 12 turns
  5091 | D:7      | Gained mutation: You passively map the area around you. [Deep Dwarf growth]
  5091 | D:7      | Reached XP level 9. HP: 74/74 MP: 8/8
  5248 | D:7      | Noticed Menkaure
  5252 | D:7      | Killed Menkaure
  5775 | D:8      | Noticed Joseph
  5780 | D:8      | Found a shadowy altar of Dithmenos.
  5794 | D:8      | Killed Joseph
  5814 | D:8      | Noticed a two-headed ogre
  5832 | D:8      | Killed a two-headed ogre
  5948 | D:8      | Reached ** piety under Makhleb
  5948 | D:8      | Reached XP level 10. HP: 81/81 MP: 7/7
  5982 | D:8      | Noticed a two-headed ogre
  5991 | D:8      | Killed a two-headed ogre
  6337 | D:9      | Reached skill level 1 in Invocations
  6344 | D:9      | Noticed a two-headed ogre
  6347 | D:9      | Reached skill level 3 in Fighting
  6348 | D:9      | Noticed an elephant
  6373 | D:9      | Killed a two-headed ogre
  6373 | D:9      | Reached skill level 4 in Fighting
  6377 | D:9      | Reached skill level 5 in Invocations
  6387 | D:9      | Killed an elephant
  6399 | D:9      | Reached skill level 5 in Fighting
  6494 | D:9      | Found a staircase to the Lair.
  6527 | D:9      | Reached *** piety under Makhleb
  6573 | D:9      | Got a scorched scale mail
  6584 | D:9      | Identified the +4 scale mail "Piehoxirph" {rC+ Str+2} (You found it on level 9 of the Dungeon)
  6678 | D:9      | Gained mutation: Your muscles are strong. (Str +2) [potion of mutation]
  6678 | D:9      | Gained mutation: Your body sometimes deteriorates upon taking damage. [potion of mutation]
  6679 | D:9      | Lost mutation: Your muscles are strong. (Str +2) [potion of mutation]
  6679 | D:9      | Lost mutation: Your body sometimes deteriorates upon taking damage. [potion of mutation]
  6679 | D:9      | Gained mutation: You are resistant to electric shocks. (rElec) [potion of mutation]
  6679 | D:9      | Gained mutation: Scrolls take you a little longer to read. [potion of mutation]
  6679 | D:9      | Gained mutation: You have sharp toenails. [potion of mutation]
  6680 | D:9      | Lost mutation: You are resistant to electric shocks. (rElec) [potion of mutation]
  6680 | D:9      | Gained mutation: You have a pair of small antennae on your head. [potion of mutation]
  6681 | D:9      | Lost mutation: You have a pair of small antennae on your head. [potion of mutation]
  6681 | D:9      | Lost mutation: Scrolls take you a little longer to read. [potion of mutation]
  6681 | D:9      | Lost mutation: You have sharp toenails. [potion of mutation]
  6681 | D:9      | Gained mutation: You expend magic power (3 MP) to strengthen your wands. [potion of mutation]
  6681 | D:9      | Gained mutation: You have large cloven feet. [potion of mutation]
  6782 | D:9      | Found a staircase to the Orcish Mines.
  6868 | D:9      | Found a stormy altar of Qazlal.
  6973 | D:10     | Entered Level 10 of the Dungeon
  6973 | D:10     | Noticed a cyan ugly thing
  6991 | D:9      | Killed a cyan ugly thing
  7019 | D:10     | Reached skill level 6 in Fighting
  7019 | D:10     | Reached XP level 11. HP: 93/97 MP: 12/12
  7225 | D:10     | Reached **** piety under Makhleb
  7322 | D:10     | Reached skill level 7 in Fighting
  7515 | D:10     | Noticed a centaur warrior
  7527 | D:10     | Killed a centaur warrior
  7527 | D:10     | Reached skill level 10 in Invocations
  7712 | D:10     | Reached skill level 8 in Fighting
  7732 | D:10     | Reached ***** piety under Makhleb
  7741 | D:10     | Reached skill level 9 in Fighting
  7896 | D:11     | Noticed a green ugly thing
  7916 | D:11     | Killed a green ugly thing
  8013 | D:11     | Noticed a two-headed ogre
  8028 | D:11     | Killed a two-headed ogre
  8076 | D:11     | Found a shattered altar of Ashenzari.
  8080 | D:11     | Saw a vision of the Swamp and the Snake Pit.
  8080 | D:11     | Noticed an alligator
  8080 | D:11     | Noticed an alligator
  8080 | D:11     | Noticed a mana viper
  8080 | D:11     | Noticed a mana viper
  8214 | D:11     | Noticed Maurice
  8234 | D:11     | Killed Maurice
  8234 | D:11     | Reached XP level 12. HP: 105/115 MP: 15/15
  8481 | D:12     | Reached skill level 5 in Shields
  8768 | D:12     | Noticed a two-headed ogre
  8777 | D:12     | Killed a two-headed ogre
  8777 | D:12     | Reached skill level 10 in Fighting
  8861 | D:12     | Noticed an ettin
  8887 | D:12     | Killed an ettin
  9221 | D:12     | Reached skill level 5 in Armour
  9361 | D:12     | Noticed a fire giant
  9385 | D:12     | Killed a fire giant
  9439 | D:12     | Noticed a centaur warrior
  9441 | D:12     | Noticed an ettin
  9488 | D:12     | Killed a centaur warrior
  9592 | D:9      | You fall through a shaft for 3 floors!
  9615 | D:12     | Noticed a two-headed ogre
  9667 | Lair:1   | Entered Level 1 of the Lair of Beasts
 10024 | Lair:1   | Got a shimmering scale mail
 10199 | Lair:1   | Noticed Prince Ribbit
 10213 | Lair:1   | Killed Prince Ribbit
 10746 | Lair:1   | Identified the +0 scale mail of the Countless Ships {rPois MP+9 Int+5 Dex+3 Slay-4} (You found it on level 1 of the Lair of Beasts)
 11030 | Lair:2   | Reached XP level 13. HP: 106/123 MP: 13/13
 11762 | Lair:3   | Reached skill level 10 in Shields
 11872 | Lair:3   | Found a frozen archway.
 11902 | IceCv    | Entered an ice cave
 11902 | IceCv    | Noticed tof's ghost (journeyman MiBe)
 11944 | IceCv    | Killed tof's ghost
 11950 | IceCv    | Found a transporter.
 12234 | Lair:3   | Reached ****** piety under Makhleb
 12423 | Lair:3   | Got a jewelled ring mail
 12434 | Lair:3   | Identified the +5 ring mail "Yfry" {rPois Str+2 Dex+4 SInv} (You found it on level 3 of the Lair of Beasts)
 13092 | Lair:4   | Reached skill level 10 in Armour
 13212 | Lair:4   | Found a staircase to the Swamp.
 13405 | Lair:4   | Found a staircase to the Snake Pit.
 13966 | Snake:1  | Entered Level 1 of the Snake Pit
 14254 | Snake:1  | Gained mutation: You resist negative energy. (rN+) [Deep Dwarf growth]
 14254 | Snake:1  | Reached XP level 14. HP: 101/132 MP: 0/10
 14858 | Snake:1  | Identified a scroll of acquirement
 14970 | Snake:1  | Found Tan Weqy's Jewellery Boutique.
 15010 | Snake:1  | Reached skill level 1 in Dodging
 15010 | Snake:1  | Reached skill level 1 in Evocations
 16114 | Snake:2  | Reached skill level 5 in Evocations
 16312 | Snake:2  | Noticed a nagaraja
 16326 | Snake:2  | Killed a nagaraja
 16457 | Snake:3  | Noticed a nagaraja
 16476 | Snake:3  | Killed a nagaraja
 16517 | Snake:3  | Noticed a nagaraja
 16547 | Snake:3  | Reached skill level 5 in Dodging
 16560 | Snake:3  | Killed a nagaraja
 16560 | Snake:3  | Reached skill level 11 in Fighting
 16688 | Snake:3  | Noticed a nagaraja
 16719 | Snake:3  | Killed a nagaraja
 17144 | Snake:3  | Noticed a nagaraja
 17167 | Snake:3  | Killed a nagaraja
 17193 | Snake:3  | Reached XP level 15. HP: 142/142 MP: 11/11
 17246 | Snake:4  | Entered Level 4 of the Snake Pit
 17333 | Snake:4  | Noticed Aizul
 17336 | Snake:4  | Noticed a nagaraja
 17378 | Snake:4  | Killed Aizul
 17431 | Snake:4  | Killed a nagaraja
 17572 | Snake:4  | Noticed a nagaraja
 17594 | Snake:4  | Killed a nagaraja
 17743 | Snake:4  | Noticed a nagaraja
 17776 | Snake:4  | Noticed a nagaraja
 17785 | Snake:4  | Killed a nagaraja
 17801 | Snake:4  | Killed a nagaraja
 17848 | Snake:4  | Reached skill level 12 in Fighting
 18000 | Snake:4  | Noticed a nagaraja
 18014 | Snake:4  | Killed a nagaraja
 18149 | Snake:4  | Reached skill level 10 in Evocations
 18411 | Snake:4  | Reached XP level 16. HP: 58/152 MP: 5/10
 18722 | Snake:4  | Reached skill level 10 in Dodging
 18772 | Snake:4  | Reached skill level 15 in Invocations
 18794 | Snake:4  | Got a serpentine rune of Zot
 19202 | Swamp:1  | Entered Level 1 of the Swamp
 19237 | Swamp:1  | Reached skill level 13 in Fighting
 21156 | Swamp:3  | Noticed a thorn hunter
 21174 | Swamp:3  | Killed a thorn hunter
 21273 | Swamp:3  | Noticed a thorn hunter
 21290 | Swamp:3  | Killed a thorn hunter
 21797 | Swamp:4  | Entered Level 4 of the Swamp
 21814 | Swamp:4  | Reached skill level 15 in Shields
 21840 | Swamp:4  | Reached skill level 14 in Fighting
 22141 | Swamp:4  | Noticed a thorn hunter
 22158 | Swamp:4  | Killed a thorn hunter
 22158 | Swamp:4  | Reached XP level 17. HP: 134/166 MP: 11/11
 22386 | Swamp:4  | Reached skill level 15 in Fighting
 22458 | Swamp:4  | Got a decaying rune of Zot
 22938 | Lair:5   | Found a staircase to the Slime Pits.
 23513 | Lair:6   | Entered Level 6 of the Lair of Beasts
 23689 | Lair:6   | Got a pair of warped gloves
 23700 | Lair:6   | Identified the +2 pair of gloves of Becoum {+Fly Dex+7} (You found it on level 6 of the Lair of Beasts)
 24190 | Lair:6   | Noticed Josephine
 24204 | Lair:6   | Killed Josephine
 24461 | Lair:6   | Found a blossoming altar of Fedhas.
 25032 | D:4      | Lost mutation: You expend magic power (3 MP) to strengthen your wands. [potion of mutation]
 25032 | D:4      | Lost mutation: You have large cloven feet. [potion of mutation]
 25032 | D:4      | Gained mutation: You possess an exceptional clarity of mind. [potion of mutation]
 25032 | D:4      | Gained mutation: Your mind is acute. (Int +2) [potion of mutation]
 25032 | D:4      | Gained mutation: Your magical capacity is low. (-10% MP) [potion of mutation]
 25032 | D:4      | Gained mutation: You have a pair of small antennae on your head. [potion of mutation]
 25033 | D:4      | Bought 2 potions of mutation for 480 gold pieces
 25033 | D:4      | Lost mutation: You possess an exceptional clarity of mind. [potion of mutation]
 25033 | D:4      | Lost mutation: Your magical capacity is low. (-10% MP) [potion of mutation]
 25033 | D:4      | Lost mutation: Your mind is acute. (Int +2) [potion of mutation]
 25033 | D:4      | Gained mutation: You possess an exceptional clarity of mind. [potion of mutation]
 25033 | D:4      | Gained mutation: You have a somewhat thin skeletal structure. (Dex +2, Stealth) [potion of mutation]
 25034 | D:4      | Lost mutation: You have a pair of small antennae on your head. [potion of mutation]
 25034 | D:4      | Lost mutation: You possess an exceptional clarity of mind. [potion of mutation]
 25034 | D:4      | Lost mutation: You have a somewhat thin skeletal structure. (Dex +2, Stealth) [potion of mutation]
 25034 | D:4      | Gained mutation: Your system is resistant to poisons. (rPois) [potion of mutation]
 25034 | D:4      | Gained mutation: You tend to lose your temper in combat. [potion of mutation]
 25034 | D:4      | Gained mutation: You evolve. [potion of mutation]
 25201 | Orc:1    | Entered Level 1 of the Orcish Mines
 25306 | Orc:1    | Found a flagged portal.
 25313 | Bailey   | Entered a bailey
 25740 | Orc:1    | Noticed Gastronok
 25762 | Orc:1    | Killed Gastronok
 25765 | Orc:1    | Noticed Nergalle
 25769 | Orc:1    | Killed Nergalle
 25890 | Orc:1    | Noticed Fannar
 25899 | Orc:1    | Killed Fannar
 25913 | Orc:1    | Found a deep blue altar of Sif Muna.
 26135 | Orc:2    | Entered Level 2 of the Orcish Mines
 26195 | Orc:2    | Found a staircase to the Elven Halls.
 26370 | Orc:2    | Found Ewuewo's Assorted Antiques.
 26370 | Orc:2    | Found Doelel's Distillery.
 26400 | Orc:2    | Found Mehodghyw's Jewellery Shop.
 26400 | Orc:2    | Found Kaucas's Antique Weapon Emporium.
 26429 | Orc:2    | Bought a scroll of enchant weapon for 225 gold pieces
 26429 | Orc:2    | Bought a potion of heal wounds for 150 gold pieces
 26429 | Orc:2    | Bought a crude chain mail for 285 gold pieces
 26434 | Orc:2    | Bought a glowing eveningstar for 540 gold pieces
 26447 | Orc:2    | Identified the cursed +1 chain mail "Qaqeh" {*Drain rF+ rN+} (You bought it in a shop on level 2 of the Orcish Mines)
 26474 | Orc:2    | Bought an uncursed ring of protection from cold for 300 gold pieces
 26854 | Orc:2    | Found a roughly hewn altar of Beogh.
 26978 | Elf:1    | Entered Level 1 of the Elven Halls
 26996 | Elf:1    | Reached skill level 16 in Fighting
 27231 | Elf:1    | Gained mutation: You passively map a large area around you. [Deep Dwarf growth]
 27231 | Elf:1    | Reached XP level 18. HP: 172/181 MP: 11/11
 27672 | Elf:1    | Identified Nalaesum's Catalogue of the Escort
 27850 | Elf:1    | Gained mutation: Your flesh is heat resistant. (rF+) [evolution]
 28284 | Elf:2    | Got a pair of brightly glowing boots
 28295 | Elf:2    | Identified the +0 pair of boots of a Thousand Allies {+Blink rN+ Int+6 Stlth-} (You found it on level 2 of the Elven Halls)
 28505 | Elf:2    | Identified the Incunabulum of Transformation
 28693 | Elf:2    | Found Azijiry's Magic Scroll Emporium.
 28694 | Elf:2    | Found the +0 Maxwell's etheric cage {RegenMP+ *Contam rElec MP+4}
 28794 | Elf:2    | Bought a scroll of enchant armour for 112 gold pieces
 28829 | Elf:2    | Found a runed gate.
 28830 | Elf:2    | Found a runed gate.
 28841 | Elf:2    | Found a runed gate.
 28917 | Elf:2    | Reached skill level 17 in Fighting
 29422 | Elf:3    | Entered Level 3 of the Elven Halls
 29612 | Elf:3    | Gained mutation: You occasionally shout uncontrollably at your foes. [a neqoxec]
 29624 | Elf:3    | Found a roughly hewn altar of Beogh.
 29769 | Elf:3    | Noticed Bai Suzhen
 29775 | Elf:3    | Reached skill level 15 in Armour
 29804 | Elf:3    | Killed Bai Suzhen
 30150 | Elf:3    | HP: 8/186 [deep elf annihilator/crystal spear (100)]
 30155 | Elf:3    | Reached XP level 19. HP: 83/193 MP: 12/12
 30187 | Elf:3    | Noticed a Brimstone Fiend
 30249 | Elf:3    | Noticed a Brimstone Fiend
 30639 | Elf:3    | Reached skill level 18 in Fighting
 30670 | Elf:3    | Noticed a Brimstone Fiend
 30677 | Elf:3    | Noticed a Tzitzimitl
 30932 | Elf:3    | Got a translucent tin ring
 30957 | Elf:3    | Identified the Volume of Translocation
 30994 | Elf:3    | Gained mutation: You have a pair of small antennae on your head. [evolution]
 31023 | Elf:3    | Lost mutation: Your system is resistant to poisons. (rPois) [potion of mutation]
 31023 | Elf:3    | Lost mutation: You occasionally shout uncontrollably at your foes. [potion of mutation]
 31023 | Elf:3    | Gained mutation: You are resistant to hostile enchantments. (MR+) [potion of mutation]
 31023 | Elf:3    | Gained mutation: You are partially covered in large bone plates. (SH +4) [potion of mutation]
 31028 | Elf:3    | Got a pair of warped gloves
 31039 | Elf:3    | Identified the +2 pair of gloves of Intercession {SInv} (You found it on level 3 of the Elven Halls)
 31092 | Elf:3    | Identified the ring of Life {+Inv Stlth-} (You took it off a deep elf demonologist on level 3 of the Elven Halls)
 31282 | Elf:3    | Identified Amovalodoj's Volume of Weightlessness
 32250 | D:13     | Found Lutorr's Food Boutique.
 32261 | D:13     | Noticed Rupert
 32288 | D:13     | Killed Rupert
 32323 | D:13     | Found a gate to the Vaults.
 33149 | D:14     | Noticed Agnes
 33160 | D:14     | Killed Agnes
 33225 | D:14     | Noticed Kirke
 33236 | D:14     | Killed Kirke
 33497 | D:14     | Noticed Frances
 33510 | D:14     | Killed Frances
 34011 | D:15     | Entered Level 15 of the Dungeon
 34339 | D:15     | Reached XP level 20. HP: 206/206 MP: 10/10
 34628 | D:15     | Noticed Louise
 34648 | D:15     | Killed Louise
 34806 | D:15     | Found a staircase to the Depths.
 34812 | D:15     | Reached skill level 19 in Fighting
 35324 | Depths:1 | Entered Level 1 of the Depths
 35389 | Depths:1 | Noticed Nikola
 35418 | Depths:1 | Killed Nikola
 35436 | Depths:1 | Found Qeemupnu's Gadget Boutique.
 35526 | Depths:1 | Noticed Mara
 35527 | Depths:1 | Noticed Laiders's illusion
 35588 | Depths:1 | Noticed Laiders's illusion
 35622 | Depths:1 | Killed Mara
 35722 | Depths:1 | Found a portal to a secret trove of treasure.
 36016 | Depths:1 | Found a one-way gate leading to the halls of Pandemonium.
 36120 | Depths:1 | Found a gateway to Hell.
 36562 | Depths:2 | HP: 1/208 [deep troll (17)]
 36562 | Depths:2 | Mangled by a deep troll

Vault maps used:
D:1:      dpeg_arrival_short_road
D:2:      lemuel_round_altar, minitemple, eino_tiny_chamber,
          minmay_statues_item, uniq_robin, uniq_crazy_yiuf_cottage
D:3:      good_gods_temple_1, uniq_ijyb
D:4:      grunt_temple_overflow_growth_and_decay, lightli_temple_of_fire,
          serial_shops, shop, mrwooster_statue_mirror, columned_hall_lemuel
D:5:      minmay_temple_entry_trees, first_bread, guppyfry_early_lair_pool
D:6:      gammafunk_wand_slinger, grunt_temple_overflow_lords_of_destruction,
          interstate_on_off
D:7:      grunt_ogre_cave, uniq_menkaure
D:8:      grunt_dithmenos_smoke, uniq_joseph
D:9:      lemuel_crystal_altar, david_lair_generic, erik_orc_2
D:10:     wad_woods_minihive
D:11:     grunt_ashenzari_visionary, uniq_maurice
D:12:     thingy_vault
D:13:     lightli_vaults_fourway_checkpoint, serial_shops, nicolae_shop_stone,
          uniq_rupert
D:14:     cheibrodos_leafed_vault, uniq_kirke, uniq_frances, uniq_agnes
D:15:     hangedman_depths_entry_try_elsewhere_first, minivault_23, uniq_louise
Temple:   nicolae_temple_figure_zero
Lair:1:   grunt_megastairs_3, uniq_prince_ribbit2
Lair:2:   minmay_lindwurm_lava, lemuel_fruit_tree
Lair:3:   portal_ice_cave_entry_imps, serial_bayou_pond_c, beast_lair_carwin_10,
          grunt_megastairs_4, lemuel_fruit_fields, infiniplex_staircase_pool_2
Lair:4:   minmay_swamp_entry_swarm, guppyfry_snake_entry_island, disabler_island
Lair:5:   slime_dummy, minmay_lair_oklob_bushes, serial_bayou_shore_b,
          grunt_megastairs_1
Lair:6:   gammafunk_lair_ancient_temple, tgw_fedhas, lemuel_fruit_fields,
          serial_bayou_shore_b, infiniplex_staircase_pool, uniq_josephine
Swamp:1:  serial_swamp_ruin, evilmike_swamp_ruin_house_4,
          evilmike_swamp_ruin_rubble_2
Swamp:2:  hangedman_swamp_diagram
Swamp:3:  nicolae_swamp_little_tower
Swamp:4:  swamp
Snake:1:  serial_shops, shop_fountains, nicolae_snake_linked_coils
Snake:3:  nicolae_snake_lava_pool
Snake:4:  grunt_snake_rune_serpentine_throne, nicolae_snake_springs, uniq_aizul
Orc:1:    enter_bailey_3, led_sif_book, uniq_nergalle, uniq_fannar,
          uniq_gastronok
Orc:2:    grunt_orc_tribal_feast, mines1_david
Elf:1:    minmay_elf_arrival_plus, minmay_elf_demonology, evilmike_ambush
Elf:2:    serial_shops, shop, hangedman_research_metamorphosis
Elf:3:    minmay_elf_hall_four_x, special_room, uniq_bai_suzhen
Depths:1: pf_coc_iceberg, roderic_serpentine_path, enter_trove_2, pan_entry,
          serial_shops, shop, minmay_misc_feat_doors, kennysheep_dice,
          firewood_loft, uniq_mara, uniq_nikola
Depths:2: hangedman_slaughterboxes, hell_entry, serial_shops
Bailey:   bailey_axe_4, bailey
IceCv:    ice_cave_statue_garden_teleport

Skill      XL: |  1  2  3  4  5  6  7  8  9 10 11 12 13 14 15 16 17 18 19 20 |
---------------+-------------------------------------------------------------+-----
Maces & Flails | 3 4 5 6 7 9 11 13 14 | 14.3
Invocations    | 7 10 12 14 15 | 15.0
Fighting       | 6 9 10 11 12 14 16 17 18 19 | 19.3
Shields        | 4 9 13 14 15 | 15.8
Armour         | 7 10 12 15 17 18 | 18.2
Dodging        | 5 8 10 | 10.0
Evocations     | 7 10 | 10.0

Action                   |  1- 3 |  4- 6 |  7- 9 | 10-12 | 13-15 | 16-18 | 19-21 || total
-------------------------+-------+-------+-------+-------+-------+-------+-------++-------
Melee: Flail             |   112 |   215 |    22 |       |       |       |       ||   349
       War axe           |       |       |   329 |   915 |   543 |       |       ||  1787
       Demon whip        |       |       |       |       |  1061 |  2725 |  1141 ||  4927
Invok: Minor Destruction |       |       |       |     4 |       |       |       ||     4
       Lesser Servant of |       |       |       |     3 |     3 |     6 |       ||    12
       Greater Servant o |       |       |       |       |     4 |     6 |     6 ||    16
       Major Destruction |       |       |       |       |       |     3 |       ||     3
 Abil: Heal Wounds       |       |     6 |    10 |    13 |    25 |    18 |    20 ||    92
       Evoke Flight      |       |       |     2 |       |       |     1 |       ||     3
Evoke: Wand              |       |       |       |     1 |       |     1 |       ||     2
  Use: Scroll            |     1 |     5 |     6 |     8 |    16 |    14 |    11 ||    61
       Potion            |       |       |       |     4 |     2 |     4 |     4 ||    14
 Stab: Distracted        |       |       |       |       |     1 |     2 |     4 ||     7
  Eat: Chunk             |       |     6 |     9 |    16 |    13 |    25 |     7 ||    76
       Royal jelly       |       |     1 |       |       |     1 |     1 |     1 ||     4
       Bread ration      |       |       |     1 |     2 |     1 |     2 |     3 ||     9
       Fruit             |       |       |     1 |       |       |       |       ||     1
       Meat ration       |       |       |       |       |     1 |     1 |       ||     2
Armor: Scale mail        |     4 |       |       |   547 |   633 |   535 |       ||  1719
       Chain mail        |    69 |    86 |   141 |   108 |       |   243 |    82 ||   729
       Plate armour      |       |   139 |    99 |       |       |       |   279 ||   517
Dodge: Dodged            |    36 |    49 |    68 |   291 |   549 |   953 |   290 ||  2236
Block: Shield            |    66 |   142 |   187 |   539 |  1403 |  2405 |   635 ||  5377
       Reflection        |       |       |       |       |    77 |   105 |    44 ||   226
       Large shield      |       |       |       |       |       |       |   514 ||   514

Table legend:
 A = Spawn XP
 B = Non-spawn XP
 C = Spawn XP percentage of total XP
 D = Spawn monster count
 E = Non-spawn monster count
 F = Spawn count percentage of total count
 G = Total turns spent on level
                    A         B        C        D         E        F      G
               +---------+---------+-------+---------+---------+-------+---------
         Total |       0 |  532064 |   0.0 |       0 |    1430 |   0.0 | 36562
               +---------+---------+-------+---------+---------+-------+---------
           D:1 |       0 |      26 |   0.0 |       0 |      15 |   0.0 |   747
           D:2 |       0 |     118 |   0.0 |       0 |      23 |   0.0 |  1043
           D:3 |       0 |      78 |   0.0 |       0 |      16 |   0.0 |   571
           D:4 |       0 |     321 |   0.0 |       0 |      14 |   0.0 |   982
           D:5 |       0 |     418 |   0.0 |       0 |      14 |   0.0 |   596
           D:6 |       0 |     984 |   0.0 |       0 |      22 |   0.0 |   749
           D:7 |       0 |    1607 |   0.0 |       0 |      30 |   0.0 |   960
           D:8 |       0 |    3024 |   0.0 |       0 |      19 |   0.0 |   756
           D:9 |       0 |    4340 |   0.0 |       0 |      53 |   0.0 |   863
          D:10 |       0 |    8407 |   0.0 |       0 |      88 |   0.0 |   866
          D:11 |       0 |    2906 |   0.0 |       0 |      18 |   0.0 |   846
          D:12 |       0 |   11734 |   0.0 |       0 |      56 |   0.0 |  1233
          D:13 |       0 |   15276 |   0.0 |       0 |      46 |   0.0 |  1039
          D:14 |       0 |   21519 |   0.0 |       0 |      33 |   0.0 |   868
          D:15 |       0 |   23479 |   0.0 |       0 |      47 |   0.0 |  1313
        Lair:1 |       0 |    5497 |   0.0 |       0 |      22 |   0.0 |  1148
        Lair:2 |       0 |    2116 |   0.0 |       0 |      10 |   0.0 |   875
        Lair:3 |       0 |    6720 |   0.0 |       0 |      45 |   0.0 |  1112
        Lair:4 |       0 |    8977 |   0.0 |       0 |      36 |   0.0 |  1180
        Lair:5 |       0 |    5242 |   0.0 |       0 |      18 |   0.0 |   802
        Lair:6 |       0 |   21881 |   0.0 |       0 |      66 |   0.0 |  1294
       Swamp:1 |       0 |    7043 |   0.0 |       0 |      27 |   0.0 |   853
       Swamp:2 |       0 |   14617 |   0.0 |       0 |      47 |   0.0 |  1027
       Swamp:3 |       0 |    9646 |   0.0 |       0 |      22 |   0.0 |   779
       Swamp:4 |       0 |   24007 |   0.0 |       0 |      46 |   0.0 |   831
       Snake:1 |       0 |   15060 |   0.0 |       0 |      31 |   0.0 |  1482
       Snake:2 |       0 |   15304 |   0.0 |       0 |      36 |   0.0 |  1021
       Snake:3 |       0 |   14861 |   0.0 |       0 |      25 |   0.0 |   827
       Snake:4 |       0 |   74563 |   0.0 |       0 |     134 |   0.0 |  1832
         Orc:1 |       0 |    6798 |   0.0 |       0 |      46 |   0.0 |   636
         Orc:2 |       0 |    9149 |   0.0 |       0 |      48 |   0.0 |   857
         Elf:1 |       0 |   28860 |   0.0 |       0 |      47 |   0.0 |  1288
         Elf:2 |       0 |   45381 |   0.0 |       0 |      65 |   0.0 |  1311
         Elf:3 |       0 |   70315 |   0.0 |       0 |      84 |   0.0 |  2147
      Depths:1 |       0 |   29622 |   0.0 |       0 |      27 |   0.0 |  1034
      Depths:2 |       0 |   16821 |   0.0 |       0 |      17 |   0.0 |   204
        Bailey |       0 |    1931 |   0.0 |       0 |      26 |   0.0 |   301
         IceCv |       0 |    3416 |   0.0 |       0 |      11 |   0.0 |   170
               +---------+---------+-------+---------+---------+-------+---------
